Map: Prion Terraces

Players

MCanning

  • Race: Protoss Protoss
  • League: Grandmaster

Jig - Winner!

  • Race: Zerg Zerg
  • League: Grandmaster

VOD

Have the link to the VOD?

Description

Time

  • Played on: Dec. 3, 2015, 1:11 a.m.
  • Length: 25:24
Show
View Real Time Build Order
Export as new Build Order

MCanning Protoss 

Build Orders: 1 Gate Expand 

Get SALT Encoding   

  12  0:01  Probe (Chrono Boost)  
  13  0:11  Probe (Chrono Boost)  
  14  0:20  Pylon  
  14  0:22  Probe (Chrono Boost)  
  15  0:38  Probe (Chrono Boost)  
  15  0:41  Gateway  
  16  0:49  Probe (Chrono Boost)  
  17  0:55  Assimilator  
  17  0:59  Probe (Chrono Boost)  
  18  1:10  Probe (Chrono Boost)  
  19  1:28  Zealot (Chrono Boost)  
  19  1:30  Nexus  
  21  1:36  Pylon  
  21  1:49  Cybernetics Core  
  21  1:52  Zealot (Chrono Boost)  
  23  1:57  Pylon  
  22  2:11  Pylon  
  22  2:16  Zealot (Chrono Boost)  
  22  2:21  Pylon  
  24  2:30  Mothership Core (Chrono Boost)  
  26  2:43  Stalker  
  26  2:46  Probe (Chrono Boost)  
  26  2:49  Probe (Chrono Boost)  
  28  2:56  Probe (Chrono Boost)  
  29  3:00  Probe (Chrono Boost)  
  30  3:07  Probe (Chrono Boost)  
  30  3:10  Probe (Chrono Boost)  
  30  3:14  Adept  
  30  3:15  Assimilator  
  30  3:18  Probe (Chrono Boost)  
  33  3:21  Probe (Chrono Boost)  
  34  3:28  Probe (Chrono Boost)  
  34  3:31  Probe (Chrono Boost)  
  36  3:39  Probe (Chrono Boost)  
  36  3:41  Sentry, Pylon  
  39  3:42  Probe (Chrono Boost)  
  40  3:49  Probe (Chrono Boost)  
  40  3:52  Probe (Chrono Boost)  
  42  3:59  Gateway  
  42  4:00  Probe (Chrono Boost)  
  42  4:01  Gateway  
  43  4:03  Probe (Chrono Boost)  
  43  4:06  Gateway  
  44  4:10  Probe (Chrono Boost)  
  44  4:13  Probe (Chrono Boost)  
  44  4:15  Warp Gate (Chrono Boost)  
  44  4:16  Pylon  
  44  4:19  Probe (Chrono Boost)  
  45  4:26  Gateway  
  45  4:27  Gateway  
  45  4:29  Pylon  
  45  4:34  Probe  
  45  4:35  Probe  
  45  4:38  Robotics Facility  
  47  4:42  Sentry  
  49  4:46  Probe  
  49  4:49  Probe, Assimilator  
  51  4:53  Assimilator  
  51  4:58  Probe  
  52  5:00  Probe, Forge  
  53  5:10  Probe x2  
  53  5:13  Pylon  
  55  5:21  Probe  
  55  5:22  Probe  
  55  5:26  Twilight Council  
  55  5:27  Observer (Chrono Boost)  
  58  5:32  Robotics Bay  
  58  5:33  Probe  
  58  5:34  Probe  
  60  5:36  Protoss Ground Weapons Level 1  
  60  5:44  Photon Cannon  
  60  5:46  Probe x2, Pylon  
  62  5:57  Pylon  
  62  5:58  Probe (Chrono Boost)  
  62  5:59  Probe (Chrono Boost)  
  64  6:09  Stalker, Probe (Chrono Boost)  
  64  6:10  Stalker x2, Probe (Chrono Boost)  
  72  6:15  Adept x2  
  76  6:22  Stargate  
  76  6:24  Nexus  
  76  6:29  Pylon  
  76  6:31  Stargate  
  76  6:35  Pylon  
  76  6:39  Stargate  
  76  6:40  Pylon  
  76  6:43  Stalker  
  76  6:47  Adept  
  79  6:59  Zealot  
  81  7:05  Adept x2  
  85  7:08  Photon Cannon  
  85  7:10  Phoenix (Chrono Boost), Photon Cannon  
  85  7:12  Probe x2  
  89  7:17  Phoenix (Chrono Boost)  
  91  7:24  Probe  
  91  7:28  Fleet Beacon  
  90  7:43  Phoenix (Chrono Boost)  
  92  7:46  Zealot  
  92  7:47  Zealot  
  91  7:52  Phoenix (Chrono Boost)  
  88  7:59  Phoenix (Chrono Boost)  
  88  8:03  Probe  
  88  8:04  Probe  
  90  8:06  Phoenix (Chrono Boost), Assimilator  
  90  8:10  Assimilator  
  90  8:12  Probe  
  92  8:14  Zealot x3  
  92  8:19  Anion Pulse-Crystals (Chrono Boost)  
  99  8:23  Probe  
  99  8:26  Probe  
  100  8:28  Probe  
  102  8:35  Probe  
  102  8:36  Photon Cannon  
  102  8:38  Phoenix (Chrono Boost)  
  102  8:40  Phoenix (Chrono Boost)  
  107  8:47  Phoenix (Chrono Boost)  
  109  8:57  Adept x3  
  109  8:59  Phoenix (Chrono Boost)  
  117  9:03  Phoenix (Chrono Boost)  
  120  9:10  Phoenix (Chrono Boost)  
  120  9:14  Probe  
  120  9:17  Photon Cannon  
  121  9:22  Phoenix (Chrono Boost)  
  123  9:27  Phoenix (Chrono Boost)  
  125  9:32  Phoenix (Chrono Boost)  
  125  9:44  Phoenix (Chrono Boost)  
  125  9:49  Zealot x2, Phoenix (Chrono Boost)  
  125  9:50  Pylon, Zealot x3  
  133  9:53  Phoenix (Chrono Boost)  
  135  10:05  Phoenix (Chrono Boost)  
  135  10:06  Observer  
  138  10:11  Mothership Core, Phoenix (Chrono Boost)  
  140  10:16  Phoenix (Chrono Boost)  
  138  10:27  Probe, Phoenix (Chrono Boost)  
  141  10:29  Nexus  
  141  10:33  Pylon, Phoenix (Chrono Boost)  
  143  10:37  Phoenix (Chrono Boost)  
  145  10:49  Probe, Phoenix (Chrono Boost)  
  148  10:54  Photon Cannon  
  148  10:55  Pylon, Photon Cannon  
  148  10:57  Phoenix (Chrono Boost)  
  150  11:04  Adept x3  
  150  11:09  Pylon  
  156  11:12  Templar Archives  
  156  11:22  Phoenix (Chrono Boost)  
  152  11:36  Phoenix (Chrono Boost)  
  132  11:40  Phoenix (Chrono Boost)  
  132  11:44  Adept x5  
  142  11:48  Phoenix (Chrono Boost)  
  142  11:50  Probe  
  145  11:58  Phoenix (Chrono Boost)  
  147  12:01  Phoenix (Chrono Boost)  
  148  12:09  Phoenix (Chrono Boost)  
  145  12:19  Stalker x2, Phoenix (Chrono Boost)  
  145  12:20  Stalker x3  
  137  12:23  Phoenix (Chrono Boost)  
  127  12:31  Phoenix (Chrono Boost)  
  127  12:33  Probe  
  120  12:41  Phoenix (Chrono Boost)  
  120  12:43  Stalker x2  
  116  12:49  Probe  
  109  12:52  Assimilator  
  109  12:53  Assimilator  
  109  12:54  Stalker x3  
  106  13:01  Probe x2  
  106  13:02  Probe x2  
  110  13:09  Phoenix (Chrono Boost)  
  110  13:10  Phoenix (Chrono Boost)  
  110  13:11  Probe  
  114  13:13  Probe  
  114  13:14  Probe x2  
  118  13:22  Probe  
  118  13:25  Probe  
  118  13:26  Probe x2, Phoenix (Chrono Boost)  
  124  13:31  Phoenix (Chrono Boost)  
  124  13:32  Probe  
  127  13:34  Phoenix (Chrono Boost)  
  127  13:37  Probe  
  130  13:48  Zealot x3, Phoenix (Chrono Boost)  
  134  13:52  Zealot x2  
  134  13:53  Phoenix (Chrono Boost)  
  142  13:57  Phoenix (Chrono Boost)  
  142  14:00  Probe  
  143  14:11  High Templar  
  143  14:12  High Templar x2  
  143  14:14  Phoenix (Chrono Boost)  
  143  14:16  Archon  
  147  14:24  High Templar  
  147  14:26  Zealot  
  147  14:31  Archon  
  151  14:33  Probe  
  151  14:36  Photon Cannon  
  151  14:37  Photon Cannon  
  148  14:44  Phoenix x3 (Chrono Boost)  
  148  14:45  Nexus  
  148  14:52  Probe  
  149  14:54  Pylon  
  149  15:06  Phoenix x3 (Chrono Boost)  
  155  15:27  Phoenix (Chrono Boost)  
  155  15:28  Void Ray x2 (Chrono Boost)  
  165  15:35  High Templar  
  165  15:36  High Templar  
  165  15:41  Archon  
  167  15:54  Zealot  
  167  15:55  Zealot x2  
  155  15:57  Phoenix (Chrono Boost)  
  155  16:02  Probe x3  
  142  16:06  Photon Cannon  
  142  16:07  Pylon, Photon Cannon  
  142  16:09  Void Ray (Chrono Boost)  
  142  16:20  Void Ray (Chrono Boost)  
  142  16:24  Void Ray (Chrono Boost)  
  142  16:25  Probe  
  137  16:47  Void Ray (Chrono Boost)  
  137  16:49  Probe  
  137  16:50  Probe  
  139  16:57  Void Ray (Chrono Boost)  
  143  17:06  Void Ray (Chrono Boost)  
  147  17:13  Zealot x2  
  123  17:24  Void Ray (Chrono Boost)  
  127  17:41  Void Ray (Chrono Boost)  
  127  17:43  Void Ray (Chrono Boost)  
  133  17:52  Probe  
  134  18:01  Void Ray (Chrono Boost)  
  123  18:19  Void Ray (Chrono Boost)  
  127  18:20  Void Ray (Chrono Boost)  
  129  18:29  Probe  
  129  18:31  Zealot  
  132  18:39  Void Ray (Chrono Boost), Zealot x2  
  142  18:56  Void Ray (Chrono Boost)  
  142  19:03  Void Ray (Chrono Boost)  
  142  19:09  Probe  
  141  19:12  Assimilator  
  141  19:16  Assimilator  
  141  19:28  Void Ray (Chrono Boost)  
  143  19:41  Void Ray (Chrono Boost)  
  143  19:43  Probe  
  148  19:57  Nexus  
  148  20:03  Pylon  
  148  20:04  Zealot  
  148  20:05  Pylon  
  148  20:06  Warp Prism (Chrono Boost)  
  152  20:24  Void Ray x2 (Chrono Boost)  
  152  20:47  High Templar x3  
  159  20:59  Void Ray (Chrono Boost)  
  159  21:02  Probe  
  159  21:04  Probe  
  161  21:09  Psionic Storm  
  161  21:10  High Templar  
  163  21:21  Nexus  
  163  21:22  Pylon  
  136  21:49  High Templar  
  136  21:50  High Templar  
  131  21:54  Probe  
  128  22:10  High Templar  
  124  22:20  Void Ray  
  65  22:35  Probe  
  66  22:38  Nexus  
  66  22:41  Probe  
  66  22:42  Probe  
  66  22:43  Probe x2  
  70  22:47  Probe  
  71  22:54  Probe  
  72  23:00  Probe  
  72  23:23  Probe (Chrono Boost)  
  72  23:24  Probe (Chrono Boost)  
  66  23:41  Probe (Chrono Boost)  
  67  23:57  Probe (Chrono Boost)  
  64  24:11  Probe (Chrono Boost)  
  64  24:27  Probe (Chrono Boost)  
  64  24:28  Probe (Chrono Boost)  
  64  24:37  Probe (Chrono Boost)  
  65  24:47  Probe (Chrono Boost)  
  65  24:49  Probe (Chrono Boost)  
  65  24:51  Probe (Chrono Boost)  
  68  25:01  Probe (Chrono Boost)  
  68  25:02  Probe (Chrono Boost)  
Show
View Real Time Build Order
Export as new Build Order

Jig Zerg - Winner!

Build Orders: Pool First 

Get SALT Encoding   

  12  0:00  Drone  
  13  0:21  Spawning Pool  
  13  0:24  Drone  
  13  0:29  Drone  
  13  0:35  Drone, Extractor  
  13  0:42  Overlord  
  15  1:08  Zergling x6  
  15  1:10  Queen  
  20  1:20  Zergling x2  
  21  1:34  Zergling x2  
  21  1:37  Hatchery  
  21  1:43  Overlord  
  21  1:57  Drone  
  22  2:04  Drone  
  23  2:13  Drone  
  23  2:15  Extractor  
  23  2:19  Zergling x6  
  24  2:30  Drone  
  24  2:37  Drone  
  23  2:49  Drone x2, Queen  
  23  2:50  Queen  
  29  3:04  Drone x2  
  30  3:11  Zergling x2  
  30  3:12  Drone x4  
  34  3:24  Metabolic Boost  
  34  3:28  Overlord  
  34  3:33  Drone  
  35  3:37  Overlord  
  35  3:42  Overlord  
  35  3:47  Hatchery  
  34  3:57  Drone x6  
  34  4:01  Drone x2  
  42  4:12  Drone x4  
  42  4:15  Drone  
  47  4:20  Drone x2  
  47  4:22  Extractor  
  48  4:26  Lair  
  48  4:28  Drone x2  
  50  4:32  Extractor x2  
  50  4:34  Roach Warren  
  50  4:36  Drone  
  48  4:43  Drone x3  
  51  4:47  Overlord  
  51  5:00  Overlord  
  51  5:05  Drone x5  
  56  5:14  Drone  
  56  5:15  Drone x5  
  56  5:20  Extractor  
  61  5:22  Extractor  
  61  5:25  Glial Reconstitution  
  61  5:26  Spire  
  61  5:27  Drone x3  
  61  5:28  Overseer  
  62  5:31  Queen  
  62  5:35  Overlord  
  64  5:36  Zergling x2  
  65  5:49  Overlord  
  73  5:55  Overlord  
  73  5:56  Drone x4  
  69  6:00  Drone  
  70  6:17  Zergling x20  
  70  6:18  Zergling x6  
  83  6:27  Overlord  
  83  6:32  Overlord  
  83  6:39  Hatchery  
  81  6:48  Mutalisk  
  81  6:49  Mutalisk x11  
  104  7:01  Mutalisk x2  
  95  7:03  Zergling x4  
  95  7:04  Zergling x6  
  104  7:12  Zergling x2  
  105  7:16  Zergling x2  
  105  7:17  Hatchery, Zergling x2  
  105  7:18  Overlord x2  
  105  7:19  Overlord x4  
  105  7:20  Zerg Flyer Weapons Level 1  
  105  7:21  Overlord  
  106  7:26  Overlord  
  106  7:27  Overlord  
  106  7:35  Overlord  
  99  7:55  Mutalisk  
  99  7:56  Mutalisk x7  
  110  8:02  Drone x8  
  115  8:10  Corruptor x2  
  119  8:16  Zergling x16  
  119  8:18  Hatchery  
  126  8:26  Extractor  
  125  8:27  Extractor x2  
  125  8:28  Extractor, Zergling x8  
  125  8:30  Infestation Pit  
  125  8:35  Zergling x4  
  125  8:36  Zergling x6  
  130  8:44  Overlord  
  130  8:45  Corruptor  
  130  8:46  Corruptor x4  
  140  8:48  Overseer  
  140  8:50  Zergling x12  
  140  8:55  Overlord  
  146  9:04  Corruptor x3  
  152  9:12  Hive  
  152  9:19  Evolution Chamber, Drone x4  
  152  9:22  Evolution Chamber  
  152  9:23  Zerg Flyer Armor Level 1  
  153  9:31  Pathogen Glands  
  153  9:33  Mutalisk x2  
  153  9:37  Overlord  
  156  9:50  Mutalisk x2  
  156  9:51  Mutalisk x3  
  166  9:58  Zerg Melee Weapons Level 1  
  166  9:59  Zerg Ground Armor Level 1  
  162  10:23  Infestor x5  
  168  10:30  Ultralisk Cavern  
  168  10:32  Drone  
  168  10:33  Drone x4  
  172  10:47  Hatchery  
  172  10:49  Mutalisk x2  
  171  10:50  Mutalisk x4  
  171  10:52  Zergling x2  
  171  10:53  Zergling x2  
  171  10:55  Overlord  
  185  11:07  Mutalisk  
  185  11:08  Mutalisk x3  
  193  11:12  Mutalisk x2  
  193  11:16  Overlord  
  188  11:27  Mutalisk  
  188  11:28  Mutalisk x3  
  163  11:41  Mutalisk  
  163  11:42  Mutalisk x2  
  163  11:45  Zergling x14  
  170  11:54  Chitinous Plating  
  170  11:57  Adrenal Glands  
  157  12:21  Ultralisk  
  141  12:23  Ultralisk  
  125  12:48  Mutalisk x4  
  125  12:49  Mutalisk x2  
  131  13:02  Drone x6  
  137  13:07  Drone x2  
  137  13:10  Drone  
  140  13:13  Drone x2  
  140  13:16  Drone  
  143  13:30  Ultralisk  
  149  13:48  Ultralisk  
  152  13:55  Drone x5  
  154  13:56  Drone  
  154  13:57  Spine Crawler  
  154  13:58  Spine Crawler  
  154  13:59  Drone x3  
  158  14:19  Overlord  
  158  14:20  Hatchery  
  158  14:23  Drone x3  
  160  14:26  Mutalisk x3, Spore Crawler  
  165  14:47  Ultralisk x2  
  165  14:52  Ultralisk  
  183  15:01  Ultralisk  
  189  15:11  Spore Crawler  
  189  15:13  Spore Crawler  
  185  15:15  Infestor x3  
  185  15:20  Zerg Ground Armor Level 2, Zerg Melee Weapons Level 2  
  189  15:28  Ultralisk  
  192  15:29  Drone  
  192  15:33  Drone x2  
  189  15:35  Drone  
  189  15:36  Drone  
  189  15:41  Drone x4  
  193  16:01  Ultralisk, Drone  
  193  16:02  Ultralisk  
  194  16:11  Drone  
  194  16:12  Spine Crawler  
  194  16:13  Spine Crawler  
  194  16:14  Overlord, Spine Crawler  
  174  16:36  Ultralisk x2  
  184  16:47  Ultralisk x2  
  188  16:55  Drone x5  
  186  17:05  Drone x5  
  186  17:06  Drone  
  164  17:28  Ultralisk x2  
  156  17:40  Spore Crawler x2  
  152  17:49  Corruptor x2  
  156  17:57  Corruptor x2  
  138  18:15  Corruptor x3  
  132  18:21  Corruptor  
  128  18:34  Corruptor x2  
  133  18:41  Zergling x2  
  133  18:42  Corruptor  
  131  18:54  Corruptor  
  131  18:55  Corruptor  
  128  19:05  Corruptor x2  
  129  19:11  Corruptor  
  129  19:14  Corruptor  
  131  19:23  Corruptor  
  132  19:31  Corruptor x2  
  134  19:41  Viper x4  
  146  19:47  Viper  
  146  19:48  Viper  
  152  19:53  Corruptor  
  154  20:06  Corruptor  
  156  20:13  Hatchery  
  155  20:19  Corruptor x2  
  155  20:20  Corruptor  
  159  20:24  Corruptor  
  159  20:43  Hatchery  
  159  20:46  Corruptor x2  
  162  20:55  Corruptor  
  164  21:02  Drone x4  
  168  21:10  Corruptor  
  170  21:15  Zerg Flyer Weapons Level 2  
  170  21:32  Spore Crawler x2  
  150  21:53  Corruptor x4  
  156  21:58  Spore Crawler  
  156  21:59  Spore Crawler  
  95  22:39  Drone x3  
  95  22:40  Zergling x2  
  95  22:41  Zergling x16  
  109  22:44  Drone x10  
  109  22:45  Drone  
  109  22:46  Extractor x2  
  113  23:01  Zergling x10  
  118  23:19  Extractor  
  117  23:21  Extractor  
  113  23:30  Drone x13  
  126  23:41  Zergling x4  
  126  23:52  Corruptor x2  
  124  24:10  Zergling x18  
  133  24:23  Zergling x2  
  133  24:24  Zergling x24  
  140  24:25  Zergling x2  
  140  24:30  Corruptor  
  142  24:47  Zergling x6  
  144  24:53  Corruptor  
Tags
 
Add a new tag
Caveats
  • Supply blocks, unpowered buildings, or Contaminate may cause inaccurate times.
  • Supply counts are checked every 10 seconds.